 Dungeon Crawl Stone Soup version 0.16.1 (webtiles) character file.

18372 Gigax the Martial Artist (level 12, -4/87 HPs)
             Began as an Octopode Fighter on Mar 23, 2015.
             Was a High Priest of Okawaru.
             Slain by a blink frog (14 damage)
             ... on level 4 of the Lair of Beasts.
             The game lasted 00:39:14 (19891 turns).

Gigax the Martial Artist (Octopode Fighter)        Turns: 19891, Time: 00:39:14

Health: -4/87      AC:  3    Str: 15    XL:     12   Next: 57%
Magic:  20/20      EV: 18    Int: 11    God:    Okawaru [*****.]
Gold:   828        SH: 10    Dex: 16    Spells: 0 memorised, 11 levels left

rFire  . . .     SeeInvis .       - Unarmed
rCold  . . .     Clarity  .     c - +1 shield
rNeg   + . .     SustAb   .     h - +2 hat
rPois  .         Gourm    .     A - amulet of regeneration
rElec  .         Spirit   .     D - ring of positive energy
rCorr  .         Warding  .     T - ring of invisibility
rMut   .         Stasis   .     (no ring)
MR     +....                    (no ring)
Stlth  +++.......               (no ring)
                                (no ring)
                                (no ring)
                                (no ring)

@: somewhat resistant to hostile enchantments, fairly stealthy
A: almost no armour, amphibious, 8 rings, constrict 8, camouflage 1, magic
resistance 1, gelatinous body 1
a: Heroism, Finesse, Renounce Religion, Evoke Invisibility


You were on level 4 of the Lair of Beasts.
You worshipped Okawaru.
Okawaru was extremely pleased with you.
You were not hungry.

You visited 3 branches of the dungeon, and saw 15 of its levels.

You collected 828 gold pieces.

Inventory:

Hand weapons
 a - a +0 blowgun
 m - a +0 dagger of distortion
Missiles
 C - 10 curare-tipped needles
 G - 10 poisoned needles
Armour
 c - a +1 shield (worn)
 h - a +2 hat (worn)
Jewellery
 A - an amulet of regeneration (around mantle)
 D - a ring of positive energy (left tentacle)
 J - an uncursed ring of fire
 K - an uncursed ring of ice
 T - a ring of invisibility (right tentacle)
Magical devices
 n - a wand of lightning (4)
 o - a wand of magic darts (34)
 y - a wand of random effects (16)
 B - a wand of frost (22)
 E - a wand of draining (1)
 I - a wand of polymorph (14)
 M - a wand of invisibility (0)
 P - a wand of slowing (22)
 Q - a wand of magic darts (25)
 R - a wand of slowing (15)
 S - a wand of lightning (6)
Scrolls
 j - a scroll of magic mapping
 q - a scroll of blinking
 r - 2 scrolls of fear
 s - 6 scrolls of remove curse
 u - 2 scrolls of enchant weapon
 v - 5 scrolls of enchant armour
 x - 3 scrolls of teleportation
 H - 4 scrolls of identify
 N - 2 scrolls of recharging
 U - a scroll of acquirement {unknown}
Potions
 b - 3 potions of heal wounds
 d - a potion of might
 e - a potion of ambrosia
 g - 6 potions of curing
 k - 2 potions of flight
 l - 3 potions of restore abilities
 p - a potion of cancellation
 t - a potion of resistance
 z - 3 potions of berserk rage
 O - 2 potions of cure mutation
Comestibles
 f - 30 fruits
 i - 2 meat rations
 w - 4 beef jerkies
 F - 11 bread rations
 L - a royal jelly


   Skills:
 - Level 10.0 Fighting
 * Level 11.7 Dodging
 - Level 3.0 Shields
 - Level 13.1 Unarmed Combat
 + Level 4.7 Invocations


You had 11 spell levels left.
You didn't know any spells.

Dungeon Overview and Level Annotations

Branches:
Dungeon (10/15)            Temple (1/1) D:6            Lair (4/8) D:9
  Swamp: Lair:3-6    Shoals: Lair:3-6     Snake: Lair:3-6    Spider: Lair:3-6
    Orc: D:9-12

Altars:
Ashenzari
Cheibriados
Dithmenos
Elyvilon
Fedhas
Gozag
Kikubaaqudgha
Makhleb
Nemelex Xobeh
Okawaru
Qazlal
Ru
Sif Muna
Trog
Vehumet
Xom
Yredelemnul
Zin
The Shining One

Shops:
D:8 (

Annotations:
D:8 Gastronok
Lair:3 exclusion: catoblepas
Lair:4 exclusion: oklob plant


Innate Abilities, Weirdness & Mutations

You cannot wear most types of armour.
You are amphibious.
You can wear up to eight rings at the same time.
You can use your tentacles to constrict many enemies at once.
Your skin changes colour to match your surroundings (Stealth).
Your rubbery body absorbs attacks (AC +1).
You are resistant to hostile enchantments.


Message History

The blink frog is heavily wounded.
The blink frog blinks!
The blink frog blinks!
The blink frog momentarily phases out as your attack passes through it.
Your grab passes through the blink frog as it momentarily phases out.
The blink frog is heavily wounded.
The blink frog blinks!
The blink frog blinks!
The blink frog misses you. The blink frog barely misses you.
You tentacle-slap the blink frog! Your grab misses the blink frog.
Your squeeze misses the blink frog.
The blink frog is almost dead.
You block the blink frog's attack. The blink frog hits you!!
* * * LOW HITPOINT WARNING * * *
Huge Dmg: -21%(-18hp) hp: 11%(9hp)
You miss the blink frog.
Your grab passes through the blink frog as it momentarily phases out.
The blink frog is almost dead.
The blink frog hits you!
You die...

... .... ..... ###......
###........ #
#####..........
##########...............
................@F.......
............†............
....+#...#.(...P...?....
.##..#..#.....P###.#.#PP
.#............P# ...# .
..#.....##....## ....
.#.......#....# ...
.##.....##....# ..
.##[....##....#


You could see a blink frog.

Vanquished Creatures
  2 hydras
  Pikel (D:6)
  2 hill giants
  The ghost of Dirian the Carver, an experienced MiFi (D:5)
  A black mamba (Lair:2)
  4 spiny frogs
  A fire drake (D:9)
  A komodo dragon (Lair:3)
  The ghost of LordHeini the Covered, an average MiFi of Okawaru (D:4)
  Sonja (D:10)
  16 blink frogs
  A spriggan (D:7)
  A deep elf mage (D:9)
  6 hippogriffs
  5 yaks
  9 water moccasins
  Edmund (D:4)
  8 porcupines
  8 wolves (Lair:3)
  2 sky beasts
  4 phantoms
  3 necrophages
  2 orc warriors
  An ice beast (D:10)
  3 slaves (D:6)
  A big kobold (D:6)
  3 crocodiles
  2 centaurs
  9 giant frogs
  2 wyvern zombies (D:9)
  7 scorpions
  6 killer bees
  6 wights
  4 electric eels (Lair:3)
  2 crimson imps
  A wasp zombie (D:9)
  11 hounds
  3 orc priests
  A quasit (D:8)
  Crazy Yiuf (D:6)
  2 jellies
  8 orc wizards
  5 iguanas
  Natasha (twice) (D:6)
  A killer bee zombie (D:6)
  10 worker ants
  15 sheep
  Ijyb (D:6)
  A hound skeleton (D:4)
  A worker ant zombie (D:7)
  4 gnolls
  16 river rats
  2 shadow imps
  2 giant mites (D:7)
  11 adders
  2 worms (D:2)
  An adder zombie (D:5)
  6 giant geckos
  An ooze (D:6)
  35 orcs
  A bat skeleton (D:5)
  2 bat zombies
  6 giant cockroaches
  14 goblins
  9 hobgoblins
  8 jackals
  5 ball pythons
  16 bats
  2 giant newts
  23 kobolds
  7 quokkas
  10 rats
  3 ballistomycetes (D:9)
376 creatures vanquished.

Vanquished Creatures (others)
  A worker ant (D:6)
  A giant spore (D:9)
  A fungus (Lair:2)
  9 toadstools (Lair:3)
12 creatures vanquished.

Grand Total: 388 creatures vanquished

Notes
Turn   | Place    | Note
--------------------------------------------------------------
     0 | D:1      | Gigax, the Octopode Fighter, began the quest for the Orb.
     0 | D:1      | Reached XP level 1. HP: 16/16 MP: 1/1
   148 | D:1      | Reached XP level 2. HP: 9/21 MP: 2/2
  1221 | D:2      | Reached XP level 3. HP: 16/26 MP: 3/3
  1855 | D:2      | Found a bloodstained altar of Trog.
  2469 | D:3      | Found a shadowy altar of Dithmenos.
  2545 | D:3      | Reached XP level 4. HP: 20/33 MP: 4/4
  3144 | D:2      | Reached XP level 5. HP: 15/37 MP: 5/5
  3645 | D:3      | Reached skill level 4 in Fighting
  4099 | D:3      | Reached XP level 6. HP: 40/43 MP: 6/6
  4478 | D:4      | Noticed Edmund
  4488 | D:4      | Killed Edmund
  4488 | D:4      | Reached skill level 5 in Unarmed Combat
  4488 | D:4      | Reached XP level 7. HP: 40/49 MP: 7/7
  4536 | D:4      | Noticed LordHeini's ghost (average MiFi)
  4548 | D:4      | Killed LordHeini's ghost
  4548 | D:4      | Reached skill level 5 in Fighting
  4548 | D:4      | Reached skill level 5 in Dodging
  4548 | D:4      | Reached skill level 6 in Unarmed Combat
  4697 | D:4      | Gained mutation: You are resistant to hostile enchantments. [potion of beneficial mutation]
  5172 | D:5      | Entered Level 5 of the Dungeon
  5422 | D:5      | Noticed Dirian's ghost (experienced MiFi)
  5550 | D:5      | Reached XP level 8. HP: 27/55 MP: 8/8
  5758 | D:5      | Killed Dirian's ghost
  5758 | D:5      | Reached skill level 7 in Unarmed Combat
  6188 | D:5      | Found a sparkling altar of Nemelex Xobeh.
  6365 | D:6      | Noticed Ijyb
  6385 | D:6      | Killed Ijyb
  6908 | D:6      | Reached skill level 8 in Unarmed Combat
  7178 | D:6      | Noticed Natasha
  7189 | D:6      | Killed Natasha
  7345 | D:6      | Noticed Pikel
  7390 | D:5      | Reached XP level 9. HP: 62/62 MP: 9/9
  7492 | D:6      | Noticed Natasha
  7500 | D:6      | Killed Natasha
  7718 | D:6      | Killed Pikel
  7771 | D:6      | Reached skill level 9 in Unarmed Combat
  7812 | D:6      | Noticed Crazy Yiuf
  7820 | D:6      | Killed Crazy Yiuf
  8278 | D:6      | Found a staircase to the Ecumenical Temple.
  8296 | Temple   | Entered the Ecumenical Temple
  8377 | Temple   | Became a worshipper of Warmaster Okawaru
  8944 | D:7      | Acquired Okawaru's first power
  9227 | D:7      | Found a sacrificial altar of Ru.
  9703 | D:8      | Noticed Gastronok
 10052 | D:8      | Reached skill level 10 in Unarmed Combat
 10052 | D:8      | Reached XP level 10. HP: 55/71 MP: 7/10
 10468 | D:8      | Found Yriyji's Antique Weapon Shop.
 10479 | D:8      | Noticed a hill giant
 11361 | D:8      | Killed a hill giant
 11763 | D:9      | Found a staircase to the Lair.
 11770 | D:9      | Found an ancient bone altar of Kikubaaqudgha.
 12128 | D:9      | Reached skill level 11 in Unarmed Combat
 12404 | D:9      | Found a stormy altar of Qazlal.
 12405 | D:9      | Found a radiant altar of Vehumet.
 12767 | D:9      | Found a basalt altar of Yredelemnul.
 13032 | D:10     | Entered Level 10 of the Dungeon
 13223 | D:10     | Got a jewelled great mace
 13229 | D:10     | Identified the +5 great mace of Amorality {freeze, rPois rF+ MR+ MP+9 Int-4 Stlth+} (You found it on level 10 of the Dungeon)
 13429 | D:10     | Noticed Sonja
 13522 | D:10     | Killed Sonja
 13522 | D:10     | Reached XP level 11. HP: 50/78 MP: 11/11
 14087 | D:10     | Noticed a hill giant
 14120 | D:10     | Killed a hill giant
 14356 | Lair:1   | Entered Level 1 of the Lair of Beasts
 14371 | Lair:1   | Noticed a four-headed hydra
 14396 | Lair:1   | Killed a four-headed hydra
 14396 | Lair:1   | Reached skill level 12 in Unarmed Combat
 17173 | Lair:2   | Acquired Okawaru's second power
 17455 | Lair:2   | Reached skill level 13 in Unarmed Combat
 17499 | Lair:2   | Reached skill level 10 in Dodging
 17699 | Lair:3   | Reached skill level 1 in Invocations
 17701 | Lair:3   | Reached XP level 12. HP: 39/87 MP: 12/14
 18151 | Lair:3   | Reached skill level 10 in Fighting
 18764 | Lair:3   | Noticed a five-headed hydra
 18772 | Lair:3   | Killed a five-headed hydra
 18772 | Lair:3   | Received a gift from Okawaru
 19052 | Lair:3   | Noticed a lindwurm
 19052 | Lair:3   | Noticed a catoblepas
 19858 | Lair:4   | Received a gift from Okawaru
 19891 | Lair:4   | Slain by a blink frog

Action                   |  1- 3 |  4- 6 |  7- 9 | 10-12 || total
-------------------------+-------+-------+-------+-------++-------
Melee: Unarmed           |    24 |    68 |   348 |   605 ||  1045
       Dagger            |    68 |       |       |     7 ||    75
       Great mace        |       |       |       |     7 ||     7
 Fire: Blowgun           |       |       |       |    14 ||    14
Invok: Heroism           |       |       |     1 |     5 ||     6
       Finesse           |       |       |       |     1 ||     1
Evoke: Wand              |       |     1 |     2 |    13 ||    16
  Use: Scroll            |     5 |     3 |    12 |     5 ||    25
       Potion            |       |       |     2 |     4 ||     6
 Stab: Sleeping          |     4 |     1 |     8 |    13 ||    26
       Distracted        |       |     1 |     1 |     3 ||     5
       Invisible         |       |       |     1 |     1 ||     2
       Paralysed         |       |       |     1 |       ||     1
  Eat: Chunk             |     5 |     4 |    16 |    10 ||    35
       Royal jelly       |       |       |     1 |       ||     1
       Pizza             |       |       |     1 |       ||     1
       Fruit             |       |       |       |     4 ||     4
       Beef jerky        |       |       |       |     3 ||     3
       Meat ration       |       |       |       |     4 ||     4
